 Dungeon Crawl Stone Soup version 0.28.0-45-g0d030f2227 (webtiles) character file.

Game seed: 3977129002886270276

21 L33tCrusader the Vexing (level 2, -3/16 HPs)
             Began as a Deep Elf Arcane Marksman on Apr 12, 2022.
             Slain by a hobgoblin (5 damage)
             ... led by Robin
             ... on level 2 of the Dungeon.
             The game lasted 00:04:06 (1317 turns).

L33tCrusader the Vexing (Deep Elf Arcane Marksman)  Turns: 1317, Time: 00:04:06

Health: -3/16      AC:  2    Str:  7    XL:     2   Next: 65%
Magic:  6/6        EV: 13    Int: 17    God:
Gold:   0          SH:  0    Dex: 15    Spells: 3/4 levels left

rFire   . . .      SeeInvis .   a - +0 shortbow
rCold   . . .      Faith    .   (shield currently unavailable)
rNeg    . . .      Spirit   .   d - +0 robe
rPois   .          Reflect  .   (no helmet)
rElec   .          Harm     .   (no cloak)
rCorr   .          Rampage  .   (no gloves)
Will    .....                   (no boots)
Stlth   +.........              (no amulet)
HPRegen 0.05/turn               (no ring)
MPRegen 0.10/turn               (no ring)

@: no status effects
A: no striking features
a: no special abilities


You were on level 2 of the Dungeon.
You visited 1 branch of the dungeon, and saw 2 of its levels.

Inventory:

Hand Weapons
 a - a +0 shortbow (weapon)
Missiles
 c - 8 arrows (quivered ammo)
Armour
 d - a +0 robe (worn)
Scrolls
 e - a scroll of fog {unknown}
Potions
 f - a potion of degeneration {unknown}


   Skills:
 + Level 1.1 Fighting
 * Level 3.1 Bows
 * Level 2.8 Dodging
 + Level 1.9 Spellcasting
 * Level 4.3 Hexes


You had 3 spell levels left.
You knew the following spells:

 Your Spells              Type           Power      Damage    Failure   Level
a - Slow                  Hex            64%        N/A       3%          1

Your spell library contained the following spells:

 Spells                   Type           Power      Damage    Failure   Level
 Inner Flame              Hex/Fire       9%         N/A       24%         3
 Portal Projectile        Hex/Tloc       18%        N/A       24%         3
 Cause Fear               Hex            8%         N/A       32%         4


Dungeon Overview and Level Annotations

Branches:
Dungeon (2/15)

Altars:
Xom

Annotations:
D:2 Robin


Message History

Robin, a hobgoblin and 2 goblins come into view.
Found a shimmering altar of Xom.
As you read the scroll labelled TOMABOV PEFE, it crumbles to dust.
It was a scroll of blinking.
Robin shouts!
The goblin shouts!
The hobgoblin shouts!
The goblin shouts!
Robin throws the goblin at you!
A goblin comes into view. It is wielding a +0 club.
The goblin shouts!
Robin throws the goblin at you! The goblin barely misses you.
The goblin hits you with a +0 dagger.
Robin roars a battlecry!
The goblins go into a battle-frenzy!
The goblin hits you with a +0 club. Robin throws the goblin at you!
The hobgoblin barely misses you. The goblin closely misses you.
The goblin completely misses you.
Really attack while wielding your +0 shortbow? [Y]es or [N]o only, please.
Really attack while wielding your +0 shortbow? [Y]es or [N]o only, please.
Really attack while wielding your +0 shortbow? [Y]es or [N]o only, please.
Really attack while wielding your +0 shortbow? [Y]es or [N]o only, please.
Really attack while wielding your +0 shortbow? [Y]es or [N]o only, please.
Really attack while wielding your +0 shortbow? [Y]es or [N]o only, please.
Really attack while wielding your +0 shortbow? [Y]es or [N]o only, please.
Really attack while wielding your +0 shortbow? [Y]es or [N]o only, please.
Really attack while wielding your +0 shortbow? [Y]es or [N]o only, please.
Really attack while wielding your +0 shortbow?
You closely miss the hobgoblin.
The goblin hits you with a +0 dagger. x2
The hobgoblin barely misses you. The goblin closely misses you.
The goblin hits you with a +0 dagger.
* * * LOW HITPOINT WARNING * * *
The hobgoblin hits you.
You die...

###### ##....#
.....# .....#
##....#
##.....####
#..........#
#.##ggg(......#
#...g@g.(.....#
###.gggg......#
#...g........#
#...g.....(..##
#.._..(.......#
.......(....ยง.#
..............<#
......#.....?...#
.........#


You could see Robin, 2 hobgoblins and 8 goblins.

Vanquished Creatures
  2 endoplasms (D:1)
  2 giant cockroaches (D:1)
  4 hobgoblins
  3 ball pythons (D:1)
  2 bats (D:1)
  A frilled lizard (D:1)
  2 kobolds (D:1)
  5 rats
21 creatures vanquished.

Notes
Turn   | Place    | Note
-------+----------+-------------------------------------------
     0 | D:1      | L33tCrusader the Deep Elf Arcane Marksman began the quest
                  | for the Orb.
     0 | D:1      | Reached XP level 1. HP: 11/11 MP: 5/5
   439 | D:1      | Reached skill level 1 in Fighting
   467 | D:1      | Reached XP level 2. HP: 16/16 MP: 6/6
  1313 | D:2      | Found a shimmering altar of Xom.
  1313 | D:2      | Noticed Robin
  1317 | D:2      | Slain by a hobgoblin

Illustrated notes

Levels and vault maps discovered:
D:1:      dpeg_arrival_rooms_a, layout_basic
D:2:      layout_rooms, shapermc_ecumenical_altar_petra, basic_altar, uniq_robin

Skill      XL: |  1  2 |
---------------+-------+-----
Fighting       | 1 |  1.1
Bows           | 3 |  3.1
Dodging        | |  2.8
Spellcasting   | |  1.9
Hexes          | |  4.3

Action                   || total
-------------------------++-------
Melee: Shortbow          ||     1
 Fire: Shortbow          ||    61
 Cast: Slow              ||     6
  Use: Scroll            ||     1
Armor: Robe              ||     6
Dodge: Dodged            ||    16
